 Dungeon Crawl Stone Soup version 0.30.0-29-ga12c61a403 (webtiles) character file.

Game seed: 16336565322565128526

513 cheesebisquit the Sneak (level 7, -4/42 HPs)
             Began as a Kobold Brigand on June 3, 2023.
             Slain by Duvessa
             ... wielding a +0 short sword
              (7 damage)
             ... on level 4 of the Dungeon.
             The game lasted 00:09:08 (2813 turns).

cheesebisquit the Sneak (Kobold Brigand)            Turns: 2813, Time: 00:09:08

Health: -4/42      AC: 10    Str:  8    XL:     7   Next: 43%
Magic:  16/16      EV: 16    Int: 12    God:
Gold:   187        SH:  0    Dex: 19    Spells: 6/6 levels left

rFire   . . .        v - +2 short sword (elec)
rCold   . . .        (no shield)
rNeg    . . .        b - +0 robe
rPois   .            g - +0 helmet
rElec   .            w - +2 cloak
rCorr   .            u - +1 pair of gloves
SInv    .            i - +1 pair of boots
Will    .....        y - amulet of regeneration
Stlth   +++++        m - ring of magical power
HPRegen 1.07/turn    (no ring)
MPRegen 0.15/turn

%: no passive effects
@: no status effects
A: small, no large weapons, nightstalker 3
a: no special abilities


You were on level 4 of the Dungeon.
You visited 1 branch of the dungeon, and saw 4 of its levels.

You collected 187 gold pieces.

Inventory:

Hand Weapons
 a - a +2 dagger
 v - a +2 short sword of electrocution (weapon)
Missiles
 d - 6 poisoned darts (quivered)
 e - 3 curare-tipped darts
 x - 5 atropa-tipped darts
Armour
 b - a +0 robe (worn)
 g - a +0 helmet (worn)
 i - a +1 pair of boots (worn)
 u - a +1 pair of gloves (worn)
 w - a +2 cloak (worn)
Jewellery
 j - an amulet of reflection
 m - a ring of magical power (left hand)
 y - an amulet of regeneration (around neck)
Wands
 B - a wand of flame (7)
Scrolls
 c - 2 scrolls of fear
 h - a scroll of enchant weapon
 l - a scroll of enchant armour
 n - a scroll of vulnerability {unknown}
 o - a scroll of teleportation {unknown}
 p - a scroll of identify {unknown}
 q - a scroll of butterflies
 r - a scroll of amnesia {unknown}
 t - a scroll of poison {unknown}
Potions
 f - a potion of flight {unknown}
 k - a potion of brilliance {unknown}
 s - a potion of berserk rage {unknown}
 z - a potion of attraction {unknown}
 A - a potion of mutation {unknown}


   Skills:
 + Level 3.8 Fighting
 * Level 6.3 Short Blades
 - Level 2.1 Throwing
 - Level 2.0 Armour
 + Level 3.6 Dodging
 + Level 6.8 Stealth


You had 6 spell levels left.
You didn't know any spells.
Your spell library contained the following spells:

 Spells                   Type           Power      Damage    Failure   Level
 Magic Dart               Conj           0%         1d3       32%         1
 Searing Ray              Conj           0%         2d4       45%         2
 Fulminant Prism          Conj/Hex       0%         3d5       97%         4


Dungeon Overview and Level Annotations

Branches:
Dungeon (4/15)
 Temple: D:4-7

Altars:
Ashenzari
Uskayaw

Annotations:
D:4 Duvessa


Innate Abilities, Weirdness & Mutations

You are small and have problems with some larger weapons.
You are completely attuned to the shadows.


Message History

You hear a shout!
You hear a shout!
You hear a shout!
A - a white potion;
B - a wand of flame (7)
Things that are here:
a +0 robe; a +0 dagger You throw a poisoned dart.
The poisoned dart hits Duvessa.
Duvessa is poisoned.
You hit Duvessa but do no damage. Duvessa hits you with a +0 short sword!
Duvessa attacks as you move away! Duvessa hits you but does no damage.
Duvessa hits you with a +0 short sword. Duvessa attacks as you move away!
Duvessa misses you. Duvessa attacks as you move away!
Duvessa barely misses you. Duvessa hits you but does no damage.
Duvessa attacks as you move away! Duvessa closely misses you.
Duvessa attacks as you move away! Duvessa hits you but does no damage.
Duvessa misses you.
Duvessa rages.
Duvessa hits you with a +0 short sword!
Duvessa looks more healthy.
Duvessa attacks as you move away!
Duvessa hits you with a +0 short sword! x2
You are too injured to fight recklessly!
Throw: 7 darts (poison)
Press: ? - help, Q - select action, (/) - cycle Shift-Dir - straight line, f/p - Duvessa
Aim: Duvessa, wielding a +0 short sword and wearing a +0 ring mail (lightly wounded, berserk, 70% to hit)
You throw a poisoned dart. The poisoned dart hits Duvessa.
Duvessa is poisoned.
Duvessa is lightly wounded.
Duvessa hits you but does no damage. Duvessa attacks as you move away!
Duvessa hits you with a +0 short sword.
* * * LOW HITPOINT WARNING * * *
Duvessa misses you. Duvessa attacks as you move away! Duvessa misses you.
Duvessa hits you with a +0 short sword!
* * * LOW HITPOINT WARNING * * *
Okay, then.
Duvessa hits you but does no damage.
Duvessa looks more healthy.
Duvessa barely misses you. Duvessa hits you with a +0 short sword!
* * * LOW HITPOINT WARNING * * *
Duvessa attacks as you move away! Duvessa hits you with a +0 short sword!
You die...

#.# ##..)..######.## #.#
#.....######.# #†#
#............##########
#.######..............<.......
#.##......†...#####..#...#####
#.##..........# #......#
#.##.....####.# #.#....#
#.##.....# #.# #.#....#
#.##..|..# #@# #.#.######
#.######## #e# #........# #.#
#.# #....b#### #.# #.#
#..##.## #.# #.# #..##..###
#.# #.# #..###...#
#.###########.# #..# ###.#
#....)......#.# #..# ###
#############.#.# ###b.#


You could see Duvessa (berserk).

Vanquished Creatures
  Grinder (D:3)
  A scorpion (D:4)
  Dowan (D:4)
  A sleepcap (D:3)
  Natasha (twice) (D:2)
  5 gnolls
  3 adders
  A worm (D:3)
  2 dart slugs
  6 ball pythons
  4 endoplasms
  7 goblins
  12 hobgoblins
  3 quokkas
  6 bats
  2 frilled lizards
  5 kobolds
  8 rats
70 creatures vanquished.

Notes
Turn   | Place    | Note
-------+----------+-------------------------------------------
     0 | D:1      | cheesebisquit the Kobold Brigand began the quest for the
                  | Orb.
     0 | D:1      | Reached XP level 1. HP: 12/12 MP: 1/1
   111 | D:1      | Reached XP level 2. HP: 17/17 MP: 2/2
   155 | D:1      | Reached XP level 3. HP: 22/22 MP: 3/3
   996 | D:2      | Noticed Natasha
  1000 | D:2      | Killed Natasha
  1001 | D:2      | Reached skill level 1 in Armour
  1001 | D:2      | Reached XP level 4. HP: 27/27 MP: 4/4
  1128 | D:2      | Noticed Natasha
  1151 | D:2      | Killed Natasha
  1218 | D:2      | Reached XP level 5. HP: 32/32 MP: 5/5
  1569 | D:3      | Noticed Grinder
  1584 | D:3      | Killed Grinder
  1585 | D:3      | Reached skill level 5 in Short Blades
  1585 | D:3      | Reached XP level 6. HP: 31/37 MP: 6/6
  1689 | D:3      | Found a broken altar of Ashenzari.
  1744 | D:3      | Reached XP level 7. HP: 41/41 MP: 7/7
  1869 | D:3      | Found a hide-covered altar of Uskayaw.
  2317 | D:4      | Noticed Dowan
  2320 | D:4      | Noticed Duvessa
  2321 | D:4      | Killed Dowan
  2326 | D:4      | HP: 2/42 [Duvessa/+0 short sword (10)]
  2813 | D:4      | Slain by Duvessa

Illustrated notes

Levels and vault maps discovered:
D:1:      saegor_arrival_miasma, layout_basic
D:2:      layout_rooms, uniq_natasha
D:3:      layout_loops_ring, amcnicky_altar_gilded,
          mainiacjoe_overflow_brackets, minmay_fractal_squares_5, uniq_grinder
D:4:      layout_basic, nicolae_gozag_cash_rules_everything_around_me,
          uniq_duvessa

Skill      XL: |  1  2  3  4  5  6  7 |
---------------+----------------------+-----
Short Blades   | 3 4 5 6 |  6.3
Armour         | 1 2 |  2.0
Dodging        | 2 3 |  3.6
Fighting       | 3 |  3.8
Stealth        | 6 |  6.8
Throwing       | |  2.1

Action                     |  1- 3 |  4- 6 |  7- 9 || total
---------------------------+-------+-------+-------++-------
  Melee: Dagger            |    62 |    35 |       ||    97
         Punch             |     1 |       |     1 ||     2
         Short sword       |       |    46 |    30 ||    76
  Throw: Dart              |       |     6 |     2 ||     8
    Use: Potion            |       |     1 |       ||     1
         Scroll            |       |       |     4 ||     4
   Stab: Sleeping          |    22 |     9 |     8 ||    39
         Distracted        |       |     1 |       ||     1
 Armour: Robe              |     4 |    14 |    13 ||    31
  Dodge: Dodged            |    15 |    29 |    13 ||    57
  Block: Other             |     3 |     9 |     3 ||    15
         Reflection        |       |     1 |       ||     1
